 Dungeon Crawl Stone Soup version 0.22-a0-587-g7d32d7c (webtiles) character file.

3541 nikopol the Thaumaturge (level 9, -1/46 HPs)
             Began as a Deep Elf Fire Elementalist on July 4, 2018.
             Was a Follower of Vehumet.
             Slain by a killer bee (8 damage)
             ... on level 8 of the Dungeon.
             The game lasted 00:25:57 (8584 turns).

nikopol the Thaumaturge (DEFE)                      Turns: 8584, Time: 00:25:58

Health: -1/46      AC:  7    Str:  5    XL:     9   Next: 82%
Magic:  2/25       EV: 14    Int: 24    God:    Vehumet [*.....]
Gold:   319        SH:  0    Dex: 15    Spells: 10/29 levels left

rFire    . . .     SeeInvis .   A - staff of air
rCold    . . .     Gourm    .   (no shield)
rNeg     + . .     Faith    .   a - +0 robe
rPois    .         Spirit   .   (no helmet)
rElec    +         Reflect  .   h - +1 cloak
rCorr    .         Harm     .   (no gloves)
MR       .....                  (no boots)
Stlth    +++.......             (no amulet)
HPRegen  0.15/turn              q - +3 ring of protection
MPRegen  0.19/turn              r - ring of positive energy

@: lethally poisoned (-1 -> -6)
A: no striking features
a: Renounce Religion


You were on level 8 of the Dungeon.
You worshipped Vehumet.
Vehumet was aware of your devotion.
You were not hungry.

You visited 2 branches of the dungeon, and saw 9 of its levels.
You also visited: Ossuary.

You collected 319 gold pieces.

Inventory:

Armour
 a - a +0 robe (worn)
 h - a +1 cloak (worn)
Magical Staves
 A - an uncursed staff of air (weapon)
Jewellery
 q - a +3 ring of protection (left hand)
 r - a ring of positive energy (right hand)
 B - an uncursed ring of resist corrosion {unknown}
 D - an uncursed ring of protection from magic {unknown}
 E - an uncursed ring of protection from magic {unknown}
Wands
 i - a wand of digging (33)
Scrolls
 b - 5 scrolls of remove curse
 e - 6 scrolls of identify
 k - 2 scrolls of enchant armour
 l - a scroll of fog {unknown}
 m - a scroll of random uselessness {unknown}
 n - a scroll of blinking {unknown}
 t - a scroll of noise {unknown}
 x - 4 scrolls of teleportation {unknown}
 y - a scroll of holy word {unknown}
 F - a scroll of amnesia {unknown}
Potions
 d - 7 potions of heal wounds
 f - 2 potions of magic {unknown}
 g - 2 potions of curing {unknown}
 j - a potion of lignification {unknown}
 o - 5 potions of degeneration {unknown}
 p - a potion of brilliance {unknown}
 s - 3 potions of ambrosia {unknown}
 u - a potion of might {unknown}
 v - a potion of resistance {unknown}
 w - a potion of agility {unknown}
 z - 3 potions of haste {unknown}
Comestibles
 c - 15 rations
 C - 5 chunks of flesh


   Skills:
 + Level 0.8 Fighting
 + Level 4.1 Dodging
 + Level 5.1 Stealth
 + Level 10.8 Spellcasting
 + Level 8.0 Conjurations
 + Level 9.0 Fire Magic
 + Level 0.1 Evocations


You had 10 spell levels left.
You knew the following spells:

 Your Spells              Type           Power        Failure   Level  Hunger
a - Flame Tongue          Conj/Fire      #####        1%          1    None
b - Throw Flame           Conj/Fire      ######       1%          2    None
c - Conjure Flame         Conj/Fire      ######..     1%          3    None
d - Sticky Flame          Conj/Fire      ######..     1%          4    None
e - Fireball              Conj/Fire      ######....   4%          5    ####...
f - Force Lance           Conj/Tloc      ####....     10%         4    None

Your spell library contained the following spells:

 Spells                   Type           Power        Failure   Level  Hunger
 Magic Dart               Conj           ####         1%          1    None
 Apportation              Tloc           ##....       4%          1    None
 Summon Small Mammal      Summ           ##..         4%          1    None
 Iskenderun's Mystic Bla  Conj           ######..     1%          4    None
 Animate Skeleton         Necr           N/A          4%          1    None
 Spider Form              Tmut/Pois      ##........   14%         3    None
 Blade Hands              Tmut           ##........   80%         5    ####...
 Ice Form                 Ice/Tmut       ##......     43%         4    None
 Confusing Touch          Hex            ##....       4%          1    None
 Sticks to Snakes         Tmut           ##......     8%          2    None
 Inner Flame              Hex/Fire       ####....     2%          3    None
 Beastly Appendage        Tmut           ##....       4%          1    None
 Fulminant Prism          Conj/Hex       ####......   10%         4    None
 Dazzling Spray           Conj/Hex       ####..       2%          3    None
 Searing Ray              Conj           ######       1%          2    None


Dungeon Overview and Level Annotations

Branches:
Dungeon (8/15)             Temple (1/1) D:6
   Lair: D:8-11

Altars:
Ashenzari
Dithmenos
Elyvilon
Fedhas
Gozag
Hepliaklqana
Kikubaaqudgha
Okawaru
Ru
Sif Muna
Trog
Vehumet
Wu Jian
Xom
Yredelemnul
The Shining One

Shops:
D:6 *


Message History

Unknown command.
Casting: Flame Tongue (safe; 1% risk of failure)
Confirm with . or Enter, or press ? or * to list all spells.
Aiming: Sticky Flame (safe; 1% risk of failure)
Press: ? - help, Shift-Dir - straight line, f - killer bee
Aim: a killer bee The sticky flame hits the killer bee.
The killer bee is heavily wounded.
The killer bee is covered in liquid flames!
The killer bee burns!
The killer bee misses you. The killer bee barely misses you.
The killer bee stings you!
* * * LOW HITPOINT WARNING * * *
The killer bee barely misses you. The killer bee stings you.
* * * LOW HITPOINT WARNING * * *
The killer bee stings you.
* * * LOW HITPOINT WARNING * * *
You are poisoned.
The killer bee poisons you! The killer bee closely misses you.
The killer bee stings you!
You die...

.# #..##.##
..
##.#....##.#
... .......
#.#
..###.##.#
#.# ........#
#.#
##.#.#.####.#
#...........#
#..#y#.###..#
#<.y@y.# #..#
#.##y### #..#
#.##.## #..#
#.##..####..#
#.#.....##.)#
#.#.^^^..#..#
#.#.._^.....#
#.#.^^^.##..#
#...........#


You could see 4 killer bees.

Vanquished Creatures
  Pikel (D:6)
  Psyche (D:8)
  A hippogriff (D:7)
  A water moccasin (D:6)
  2 sky beasts (D:5)
  An orc warrior (D:7)
  3 ogres
  A centaur (D:8)
  3 bullfrogs
  9 scorpions (Ossuary)
  6 killer bees
  A howler monkey (D:5)
  A crimson imp (D:7)
  A centaur zombie (Ossuary)
  3 bullfrog zombies
  A jelly (D:6)
  Crazy Yiuf (D:2)
  3 hounds
  2 orc priests (D:5)
  An orc wizard (D:7)
  A bullfrog skeleton (D:4)
  Ijyb (D:3)
  Terence (D:2)
  An iguana (D:7)
  Natasha (twice) (D:2)
  2 worker ants
  2 big kobold zombies (Ossuary)
  3 mummies (Ossuary)
  A worker ant zombie (D:5)
  7 adders
  A howler monkey skeleton (D:6)
  6 scorpion zombies (Ossuary)
  A shadow imp (D:5)
  3 oozes
  An adder zombie (D:5)
  5 worms
  3 adder skeletons
  3 dart slugs
  3 leopard geckos
  14 orcs
  7 bats
  3 giant cockroaches
  7 goblins
  7 hobgoblins
  14 jackals
  3 quokkas
  4 ball pythons
  5 frilled lizards
  3 gnoll zombies (Ossuary)
  4 hobgoblin zombies (Ossuary)
  4 kobolds
  A kobold zombie (D:6)
  A quokka skeleton (D:7)
  4 rats
171 creatures vanquished.

Vanquished Creatures (others)
  A goblin zombie (Ossuary)
1 creature vanquished.

Grand Total: 172 creatures vanquished

Notes
Turn   | Place    | Note
-------+----------+-------------------------------------------
     0 | D:1      | nikopol the Deep Elf Fire Elementalist began the quest for the Orb.
     0 | D:1      | Reached XP level 1. HP: 10/10 MP: 6/6
   230 | D:1      | Reached XP level 2. HP: 8/15 MP: 0/8
   518 | D:1      | You fall through a shaft!
   535 | D:2      | Noticed Natasha
   721 | D:1      | Reached XP level 3. HP: 19/19 MP: 0/9
  1069 | D:2      | Noticed Terence
  1106 | D:1      | Learned a level 2 spell: Throw Flame
  1110 | D:1      | Learned a level 3 spell: Conjure Flame
  1195 | D:2      | Found a runed door.
  1199 | D:2      | Noticed Crazy Yiuf
  1288 | D:2      | Killed Crazy Yiuf
  1288 | D:2      | Reached XP level 4. HP: 16/24 MP: 4/11
  1569 | D:2      | Killed Terence
  1569 | D:2      | Reached skill level 4 in Spellcasting
  1742 | D:2      | Found a white marble altar of Elyvilon.
  1883 | D:2      | Killed Natasha
  1883 | D:2      | Reached XP level 5. HP: 20/28 MP: 8/13
  1924 | D:2      | Learned a level 4 spell: Sticky Flame
  2007 | D:2      | Noticed Natasha
  2015 | D:2      | Killed Natasha
  2432 | D:3      | Noticed Ijyb
  2441 | D:3      | Killed Ijyb
  2441 | D:3      | Reached skill level 5 in Fire Magic
  2539 | D:3      | Found an iron altar of Okawaru.
  2844 | D:3      | Reached skill level 5 in Spellcasting
  3189 | D:3      | Found a glowing golden altar of the Shining One.
  3560 | D:4      | Found a shattered altar of Ashenzari.
  3577 | D:4      | Reached XP level 6. HP: 22/32 MP: 7/15
  4200 | D:5      | Entered Level 5 of the Dungeon
  4257 | D:5      | Noticed a sky beast
  4262 | D:5      | Killed a sky beast
  4262 | D:5      | Reached skill level 6 in Spellcasting
  4262 | D:5      | Reached XP level 7. HP: 21/36 MP: 8/18
  4949 | D:6      | Found Foirut's Serpentskin Sales.
  4968 | D:6      | Found a staircase to the Ecumenical Temple.
  4968 | D:6      | Found a sand-covered staircase.
  4979 | Ossuary  | Entered an ossuary
  5249 | Ossuary  | Reached skill level 7 in Spellcasting
  5580 | Ossuary  | Reached skill level 5 in Conjurations
  5580 | Ossuary  | Reached XP level 8. HP: 42/42 MP: 12/20
  6613 | D:5      | Reached skill level 8 in Spellcasting
  6727 | D:5      | Found a sacrificial altar of Ru.
  7099 | D:5      | Found a deep blue altar of Sif Muna.
  7144 | Temple   | Entered the Ecumenical Temple
  7159 | Temple   | Became a worshipper of Vehumet
  7466 | D:6      | Noticed Pikel
  7551 | D:6      | Killed Pikel
  7551 | D:6      | Reached skill level 5 in Stealth
  7551 | D:6      | Reached skill level 9 in Spellcasting
  7551 | D:6      | Reached XP level 9. HP: 46/46 MP: 11/24
  7734 | D:6      | Learned a level 4 spell: Force Lance
  7740 | D:6      | Learned a level 5 spell: Fireball
  8410 | D:7      | Reached skill level 10 in Spellcasting
  8419 | D:7      | Reached * piety under Vehumet
  8419 | D:7      | Offered knowledge of Sting by Vehumet.
  8526 | D:8      | Found a shimmering altar of Xom.
  8555 | D:8      | Noticed Psyche
  8567 | D:8      | Killed Psyche
  8584 | D:8      | Slain by a killer bee

Vault maps used:
D:1:      dpeg_arrival_short_road
D:2:      lemuel_round_altar, uniq_crazy_yiuf_cottage, uniq_terence,
          uniq_natasha
D:3:      tso_altar, lemuel_crystal_altar, minmay_liquid_box, uniq_ijyb
D:4:      nicolae_overflow_crystal_walls, first_ration
D:5:      lemuel_blue_sif_altar, grunt_ministairs_10,
          nicolae_ru_great_annihilating_truth
D:6:      minmay_temple_entry_mist, enter_ossuary_3, guppyfry_shop_venom,
          uniq_pikel
D:7:      item_on_display_a
D:8:      xom_teletrap_fun, basic_altar, david_nohive_1,
          lemuel_mausoleum_altar_kikubaaqudgha, uniq_prince_ribbit1, uniq_psyche
Temple:   zaba_magenta_temple
Ossuary:  ossuary_minmay_scorpions

Skill      XL: |  1  2  3  4  5  6  7  8  9 |
---------------+----------------------------+-----
Stealth        | 3 5 |  5.1
Fire Magic     | 4 5 6 8 9 |  9.0
Spellcasting   | 4 5 6 7 9 10 | 10.8
Conjurations   | 2 3 5 7 8 |  8.0
Dodging        | 3 4 |  4.1
Fighting       | |  0.8
Evocations     | |  0.1

Action                   |  1- 3 |  4- 6 |  7- 9 || total
-------------------------+-------+-------+-------++-------
Melee: Staff             |       |       |     4 ||     4
 Cast: Flame Tongue      |    68 |   107 |   193 ||   368
       Conjure Flame     |     2 |     3 |     2 ||     7
       Throw Flame       |     1 |     1 |    14 ||    16
       Sticky Flame      |       |     2 |    39 ||    41
       Force Lance       |       |       |     2 ||     2
       Fireball          |       |       |     1 ||     1
Evoke: Wand              |       |       |     1 ||     1
  Use: Scroll            |       |       |     7 ||     7
  Eat: Chunk             |     1 |     9 |    13 ||    23
       Ration            |       |       |     1 ||     1
Armor: Robe              |     8 |     3 |    25 ||    36
Dodge: Dodged            |    16 |    18 |    68 ||   102

Table legend:
 A = Spawn XP
 B = Non-spawn XP
 C = Spawn XP percentage of total XP
 D = Spawn monster count
 E = Non-spawn monster count
 F = Spawn count percentage of total count
 G = Total turns spent on level
                    A         B        C        D         E        F      G
               +---------+---------+-------+---------+---------+-------+---------
         Total |       0 |    5059 |   0.0 |       0 |     171 |   0.0 |  8584
               +---------+---------+-------+---------+---------+-------+---------
           D:1 |       0 |      49 |   0.0 |       0 |      22 |   0.0 |  1133
           D:2 |       0 |     209 |   0.0 |       0 |      25 |   0.0 |  1281
           D:3 |       0 |      75 |   0.0 |       0 |      13 |   0.0 |   891
           D:4 |       0 |     241 |   0.0 |       0 |      11 |   0.0 |  1041
           D:5 |       0 |     625 |   0.0 |       0 |      23 |   0.0 |  1163
           D:6 |       0 |    1274 |   0.0 |       0 |      18 |   0.0 |   800
           D:7 |       0 |     924 |   0.0 |       0 |      25 |   0.0 |   796
           D:8 |       0 |     827 |   0.0 |       0 |       6 |   0.0 |    61
       Ossuary |       0 |     835 |   0.0 |       0 |      28 |   0.0 |  1387
               +---------+---------+-------+---------+---------+-------+---------
